 Dungeon Crawl Stone Soup version 0.27-a0-681-g0c81a3c1c3 (webtiles) character file.

Game seed: 14319869309601525586

333 Anon1729 the Shield-Bearer (level 6, -4/47 (49) HPs)
             Began as a Formicid Fighter on Mar 19, 2021.
             Killed by nerve-wracking pain
             ... invoked by an orc priest
              (12 damage)
             ... on level 4 of the Dungeon.
             The game lasted 00:02:22 (2728 turns).

Anon1729 the Shield-Bearer (Formicid Fighter)       Turns: 2728, Time: 00:02:23

HP:   -4/47 (49)    AC: 10    Str: 22    XL:     6   Next: 83%
MP:   15/15         EV:  8    Int:  8    God:
Gold: 138           SH: 10    Dex: 10    Spells: 5/5 levels left

rFire    . . .     SeeInvis +   a - +0 war axe
rCold    . . .     Faith    .   c - +0 kite shield
rNeg     . . .     Spirit   .   b - +0 scale mail
rPois    .         Reflect  .   (helmet unavailable)
rElec    .         Harm     .   (no cloak)
rCorr    .         Rampage  .   l - +2 pair of gloves
Will     .....                  (no boots)
Stlth    ..........             (no amulet)
HPRegen  0.15/turn              m - ring of magical power
MPRegen  0.14/turn              (no ring)

@: lightly drained
A: permanent stasis, dig shafts and tunnels, antennae 3, four strong arms
a: Dig, Shaft Self


You were on level 4 of the Dungeon.
You visited 1 branch of the dungeon, and saw 4 of its levels.
You also visited: Ossuary.

You collected 138 gold pieces.

Inventory:

Hand Weapons
 a - a +0 war axe (weapon)
Armour
 b - a +0 scale mail (worn)
 c - a +0 kite shield (worn)
 l - a +2 pair of gloves (worn)
Jewellery
 m - a ring of magical power (right hand)
Scrolls
 f - 2 scrolls of fog {unknown}
 h - 6 scrolls of identify {unknown}
 k - a scroll of magic mapping {unknown}
 q - 4 scrolls of immolation {unknown}
 r - 2 scrolls of fear {unknown}
 s - 2 scrolls of noise {unknown}
 x - 2 scrolls of random uselessness {unknown}
 y - a scroll of enchant armour {unknown}
Potions
 d - a potion of might
 e - 2 potions of haste {unknown}
 g - 2 potions of invisibility {unknown}
 i - 2 potions of flight {unknown}
 j - 2 potions of mutation {unknown}
 n - a potion of magic {unknown}
 o - 2 potions of brilliance {unknown}
 p - 11 potions of curing {unknown}
 t - a potion of resistance {unknown}
 u - 4 potions of lignification {unknown}
 v - 4 potions of degeneration {unknown}
 w - a potion of heal wounds {unknown}


   Skills:
 + Level 4.7 Fighting
 + Level 3.7 Axes
 + Level 4.7 Armour
 + Level 5.3 Shields


You had 5 spell levels left.
You didn't know any spells.
Your spell library contained the following spells:

 Spells                   Type           Power      Damage    Failure   Level
 Confusing Touch          Hex            0%         N/A       100%        3
 Gell's Gravitas          Tloc           0%         N/A       100%        3
 Petrify                  Tmut/Erth      0%         N/A       100%        4
 Metabolic Englaciation   Hex/Ice        0%         N/A       100%        5
 Yara's Violent Unravell  Hex/Tmut       0%         3d3       100%        5


Dungeon Overview and Level Annotations

Branches:
Dungeon (4/15)            Ossuary (visited)
 Temple: D:4-7

Altars:
Nemelex Xobeh
Okawaru
Yredelemnul


Innate Abilities, Weirdness & Mutations

You cannot be hasted, slowed, berserked, paralysed or teleported.
You can dig through walls and to a lower floor.
You have a pair of large antennae on your head. (SInv)
Your four strong arms can wield two-handed weapons with a shield.


Message History

An orc wizard comes into view. It is wielding a +2 dagger of draining.
The orc wizard shouts!
The orc wizard casts a spell at itself.
The orc wizard flickers and vanishes for a moment.
The orc hits you but does no damage.
The orc priest mumbles some strange prayers to Beogh against you.
Beogh smites you!
Found a ring mail and 13 gold pieces.
You closely miss the orc. You block the orc's attack.
The orc hits you but does no damage.
You closely miss the orc. The orc priest hits you.
You barely miss the orc priest. You hit the orc but do no damage.
You block the orc's attack.
The orc priest invokes the aid of Beogh against you.
Beogh smites you!
You barely miss the orc priest. You hit the orc but do no damage.
You hit the orc wizard. You block the orc's attack.
The orc wizard hits you with a +2 dagger of draining.
You feel drained. You block the orc priest's attack.
The orc hits you with a +0 dagger.
The orc priest invokes the aid of Beogh against you.
Beogh smites you!
* * * LOW HITPOINT WARNING * * *
The orc wizard gestures at you while chanting.
You resist with some effort.
You are too injured to fight recklessly!
You closely miss the orc wizard.
The orc wizard is lightly wounded.
You hit the orc. You hit the orc priest. The orc hits you but does no damage.
You block the orc wizard's attack. You block the orc priest's attack.
You completely miss the orc priest.
The orc priest is moderately wounded.
You closely miss the orc wizard. You hit the orc. The orc barely misses you.
The orc wizard hits you with a +2 dagger of draining.
* * * LOW HITPOINT WARNING * * *
You feel drained.
* * * LOW HITPOINT WARNING * * *
The orc priest calls down the wrath of Beogh upon you.
Pain shoots through your body!
You die...

....._....#... ..
...............#..# .
..##(......#...#....##
.. ..........##.##...###
..$ #......#..........##
[... ...##(#.......#....
.....##........##.......
...#..o....##.#.....##..
......o@...#..#.........
.......o............<)..
....#..............)....
..............#...))....
........##.........#....
...#..(..#.........##...
......#..#..........##..
......#.................
.. .##..#...........


You could see an orc priest, an orc wizard (invisible) and an orc.

Vanquished Creatures
  A centaur zombie (Ossuary)
  A howler monkey (D:4)
  A hound (D:4)
  A human zombie (Ossuary)
  Jessica (D:2)
  An orc wizard (D:4)
  3 mummies (Ossuary)
  A howler monkey skeleton (D:4)
  4 adders
  2 worms
  4 orcs (D:4)
  4 giant cockroaches
  4 goblins
  5 hobgoblins
  4 jackals (D:2)
  2 quokkas (D:2)
  7 bats
  A frilled lizard (D:2)
  A goblin zombie (D:4)
  3 hobgoblin zombies (Ossuary)
  A jackal skeleton (D:4)
  4 kobolds
  A kobold zombie (Ossuary)
  2 orc zombies (Ossuary)
  A quokka zombie (D:4)
  9 rats
69 creatures vanquished.

Notes
Turn   | Place    | Note
-------+----------+-------------------------------------------
     0 | D:1      | Anon1729 the Formicid Fighter began the quest for the Orb.
     0 | D:1      | Reached XP level 1. HP: 18/18 MP: 1/1
   329 | D:1      | Reached XP level 2. HP: 24/24 MP: 2/2
   973 | D:2      | Reached skill level 4 in Shields
   973 | D:2      | Reached XP level 3. HP: 28/29 MP: 3/3
  1103 | D:2      | Noticed Jessica
  1109 | D:2      | Killed Jessica
  1110 | D:2      | Reached XP level 4. HP: 15/37 MP: 4/4
  1435 | D:2      | Found a basalt altar of Yredelemnul.
  1532 | D:2      | Found a sparkling altar of Nemelex Xobeh.
  1817 | D:2      | You fall into a shaft and drop 1 floor!
  1826 | D:3      | You fall into a shaft and drop 1 floor!
  1826 | D:4      | Found a sand-covered staircase.
  1854 | D:4      | Reached XP level 5. HP: 40/42 MP: 5/5
  1868 | Ossuary  | Entered an ossuary
  2171 | Ossuary  | Reached skill level 5 in Shields
  2171 | Ossuary  | Reached XP level 6. HP: 47/49 MP: 6/6
  2380 | D:4      | Found an iron altar of Okawaru.
  2728 | D:4      | Killed from afar by an orc priest

Illustrated notes

Levels and vault maps discovered:
D:1:      mushboom_english_gardens, layout_loops_ring
D:2:      layout_basic, nicolae_overflow_crystal_walls, general_overflow_altar,
          minmay_pentomino_q2, uniq_jessica
D:3:      layout_loops_ring, old_standard_altar
D:4:      layout_cave_pools, enter_ossuary_4, okawaru_gym_becter

Skill      XL: |  1  2  3  4  5 |
---------------+----------------+-----
Shields        | 4 5 |  5.3
Armour         | 4 |  4.7
Fighting       | 4 |  4.7
Axes           | 3 |  3.7

Action                   |  1- 3 |  4- 6 || total
-------------------------+-------+-------++-------
Melee: War axe           |    77 |   167 ||   244
Armor: Scale mail        |    28 |    77 ||   105
Dodge: Dodged            |    29 |    66 ||    95
Block: Kite shield       |    44 |   114 ||   158

Table legend: (Time is in decaauts)
 A = Elapsed time spent in this place.
 B = Non-inter-level travel time spent in this place.
 C = Inter-level travel time spent in this place.
 D = Time resting spent in this place.
 E = Time spent auto-exploring this place.
 F = Levels seen in this place.
 G = Mean time per level.
                   A        B        C        D        E       F      G
               +--------+--------+--------+--------+--------+-----+--------+
         Total |   2852 |   2846 |      6 |     11 |   2218 |   5 |  570.4 |
       Dungeon |   2439 |   2433 |      6 |     11 |   1935 |   4 |  609.8 |
       Ossuary |    412 |    412 |      0 |      0 |    283 |   1 |  412.0 |
               +--------+--------+--------+--------+--------+-----+--------+

Top non-repeatable levels by time:
     D:1: 956 daAuts
     D:2: 934 daAuts
     D:4: 540 daAuts
 Ossuary: 412 daAuts
     D:3: 8 daAuts
